 Dungeon Crawl Stone Soup version 0.19-a0-1007-g133f65f (webtiles) character file.

331 Implojin the Ruffian (level 6, -1/59 HPs)
             Began as a Troll Fighter on July 20, 2016.
             Slain by a sky beast (5 damage)
             ... on level 7 of the Dungeon.
             The game lasted 00:04:05 (633 turns).

Implojin the Ruffian (Troll Fighter)                 Turns: 633, Time: 00:04:06

Health: -1/59      AC:  5    Str: 30    XL:     6   Next: 26%
Magic:  5/5        EV:  8    Int:  4    God:
Gold:   14         SH: 11    Dex: 11    Spells: 0 memorised, 5 levels left

rFire  . . .     SeeInvis .       - Unarmed
rCold  . . .     Gourm    +     a - +0 robe
rNeg   . . .     Faith    .     b - +0 shield
rPois  .         Spirit   .     (helmet restricted)
rElec  .         Dismiss  .     (no cloak)
rCorr  .         Reflect  +     (gloves unavailable)
SustAt .         Harm     .     (boots unavailable)
MR     .....                    g - +2 amulet of reflection
Stlth  +.........               (no ring)
                                (no ring)

@: mighty, not resistant to hostile enchantments, very unstealthy
A: unfitting armour, claws 3, fast metabolism 3, gourmand, regeneration 2,
shaggy fur 1, tough skin 2
a: no special abilities


You were on level 7 of the Dungeon.
You were full.

You visited 1 branch of the dungeon, and saw 7 of its levels.

You collected 14 gold pieces.

Inventory:

Hand Weapons
 m - a +0 flail
Missiles
 o - 2 tomahawks (quivered)
Armour
 a - a +0 robe (worn)
 b - a +0 shield (worn)
Jewellery
 g - a +2 amulet of reflection (around neck)
Scrolls
 h - 3 scrolls of random uselessness {unknown}
 j - a scroll of enchant armour {unknown}
 k - a scroll of remove curse {unknown}
 l - a scroll of teleportation {unknown}
 n - 2 scrolls of identify {unknown}
 p - a scroll of fear {unknown}
Potions
 e - a potion of agility {unknown}
Comestibles
 d - 4 bread rations
 i - a meat ration


   Skills:
 - Level 2.4 Fighting
 - Level 2.4 Dodging
 - Level 2.4 Shields
 * Level 6.7 Unarmed Combat


You had 5 spell levels left.
You didn't know any spells.

Dungeon Overview and Level Annotations

Branches:
Dungeon (7/15)
 Temple: D:4-7

Altars:
Pakellas
Vehumet


Innate Abilities, Weirdness & Mutations

You are too large for most types of armour.
You have claws for hands.
Your metabolism is lightning-fast.
You like to eat raw meat.
You heal very quickly.
You are covered in fur. (AC +1)
You have very tough skin. (AC +2)


Message History

You barely miss the orc.
You feel sick.
A sky beast appears from thin air!
You block the orc's attack.
You mangle the orc!!
You kill the orc!
You feel sick.
You barely miss the orc. You block the orc's attack.
You scratch the orc.
The orc is heavily wounded.
You feel sick. The orc hits you but does no damage.
You claw the orc!
You kill the orc!
You feel sick.
You feel sick.
You feel sick.
You feel sick.
You feel sick.
You feel sick.
Found a stone staircase leading down.
You feel sick.
Found a fizzy clear potion.
You feel sick.
You see here a fizzy clear potion.
You feel very mighty all of a sudden. You block the sky beast's attack.
You closely miss the sky beast.
You feel sick. You block the sky beast's attack.
You miss the sky beast. The sky beast misses you.
You miss the sky beast. The sky beast hits you.
* * * LOW HITPOINT WARNING * * *
The sky beast shocks you.
* * * LOW HITPOINT WARNING * * *
You closely miss the sky beast. The sky beast barely misses you.
You mangle the sky beast!!
The sky beast is almost dead.
You feel sick.
You are no longer poisoned.
The sky beast hits you.
* * * LOW HITPOINT WARNING * * *
The sky beast shocks you.
You die...

#. #.# #.# #.##########
###>..@.......
#.....Y.###########
#.......#.....)))(#
#.......#.#######)#####
#.......#.# #..o...
###.#####.# #...##o..
#.#####.#.......##.#.
#.......#.......##.#.
#.......#.l#######.#<


You could see a sky beast.

Vanquished Creatures
  An ogre (D:7)
  A centaur (D:5)
  A hound (D:7)
  An iguana (D:7)
  An orc wizard (D:7)
  4 gnolls (D:7)
  A shadow imp (D:7)
  An adder skeleton (D:6)
  An adder zombie (D:7)
  A worm (D:3)
  A dart slug (D:3)
  5 orcs
  2 giant cockroaches
  2 hobgoblins
  2 ball pythons
  2 bats
  A giant newt (D:7)
  2 kobolds
30 creatures vanquished.

Notes
Turn   | Place    | Note
-------+----------+-------------------------------------------
     0 | D:1      | Implojin the Troll Fighter began the quest for the Orb.
     0 | D:1      | Reached XP level 1. HP: 22/22 MP: 0/0
   145 | D:2      | Found a radiant altar of Vehumet.
   222 | D:3      | Reached XP level 2. HP: 29/29 MP: 1/1
   265 | D:3      | Found an oddly glowing altar of Pakellas.
   269 | D:3      | Reached skill level 3 in Unarmed Combat
   334 | D:5      | Entered Level 5 of the Dungeon
   334 | D:5      | Noticed a centaur
   346 | D:5      | Killed a centaur
   346 | D:5      | Reached skill level 4 in Unarmed Combat
   346 | D:5      | Reached XP level 3. HP: 5/36 MP: 2/2
   346 | D:5      | Reached XP level 4. HP: 6/44 MP: 3/3
   539 | D:7      | Noticed an ogre
   547 | D:7      | Reached skill level 5 in Unarmed Combat
   551 | D:7      | Killed an ogre
   551 | D:7      | Reached skill level 6 in Unarmed Combat
   551 | D:7      | Reached XP level 5. HP: 47/50 MP: 4/4
   579 | D:7      | Noticed a sky beast
   584 | D:7      | Reached XP level 6. HP: 30/59 MP: 5/5
   633 | D:7      | Slain by a sky beast

Vault maps used:
D:1:      dpeg_arrival_lava_temple_mockup, hex_medium
D:2:      lemuel_doored_altar, nicolae_overflow_hidden_temple, dk_noncrumbling_3
D:3:      tso_metal_star, grunt_pakellas_mercury, uniq_iyjb
D:4:      serial_shops, shop, kennysheep_mini, kennysheep_little_box,
          first_bread
D:6:      dk_yredelemnul_ordeal, uniq_crazy_yiuf_cottage, uniq_duvessa,
          uniq_sigmund, uniq_edmund

Skill      XL: |  1  2  3  4 |
---------------+-------------+-----
Unarmed Combat | 4 6 |  6.7
Fighting       | |  2.4
Dodging        | |  2.4
Shields        | |  2.4

Action                   |  1- 3 |  4- 6 || total
-------------------------+-------+-------++-------
Melee: Unarmed           |    37 |    73 ||   110
Throw: Tomahawk          |       |     1 ||     1
  Use: Potion            |       |     1 ||     1
 Stab: Sleeping          |     1 |       ||     1
  Eat: Chunk             |     8 |       ||     8
Armor: Robe              |    11 |    10 ||    21
Dodge: Dodged            |    10 |    16 ||    26
Block: Shield            |    20 |    27 ||    47

Table legend:
 A = Turns spent in this place as a percentage of turns spent in the entire game.
 B = Non-inter-level travel turns spent in this place as a percentage of non-inter-level travel turns spent in the entire game.
 C = Inter-level travel turns spent in this place as a percentage of turns spent in this place.
 D = Turns resting spent in this place as a percentage of non-inter-level travel turns spent in this place.
 E = Turns spent auto-exploring this place as a percentage of non-inter-level travel turns spent in this place.
 F = Non-inter-level travel turns spent in this place divided by the number of levels of this place that you've seen.
                   A       B       C       D       E      F
               +-------+-------+-------+-------+-------+----------------------
         Total | 100.0 | 100.0 |   0.0 |   0.0 |   0.0 |  89.1
       Dungeon | 100.0 | 100.0 |   0.0 |   0.0 |   0.0 |  89.1
               +-------+-------+-------+-------+-------+----------------------

Table legend:
 A = Kills in this place as a percentage of kills in entire the game.
 B = Kills by you in this place as a percentage of kills by you in the entire game.
 C = Kills by friends in this place as a percentage of kills by friends in the entire game.
 D = Other kills in this place as a percentage of other kills in the entire game.
 E = Experience gained in this place as a percentage of experience gained in the entire game.
 F = Experience gained in this place divided by the number of levels of this place that you have seen.
                   A       B       C       D       E      F
               +-------+-------+-------+-------+-------+----------------------
         Total | 100.0 | 100.0 |  -nan |  -nan | 100.0 |  67.6
       Dungeon | 100.0 | 100.0 |  -nan |  -nan | 100.0 |  67.6
               +-------+-------+-------+-------+-------+----------------------
